 Dungeon Crawl Stone Soup version 0.28-a0-529-g3bad584f25 (webtiles) character file.

Game seed: 2938332353598864578

42 MikuNakano the Shield-Bearer (level 3, -4/19 HPs)
             Began as a Vine Stalker Fighter on Sept 24, 2021.
             Slain by a gnoll (9 damage)
             ... on level 1 of the Dungeon.
             The game lasted 00:00:46 (1285 turns).

MikuNakano the Shield-Bearer (Vine Stalker Fighter) Turns: 1285, Time: 00:00:46

Health: -4/19      AC:  6    Str: 19    XL:     3   Next: 56%
Magic:  0/4        EV:  9    Int:  8    God:
Gold:   19         SH:  4    Dex: 13    Spells: 2/2 levels left

rFire   . . .      SeeInvis .   a - +0 trident
rCold   . . .      Faith    .   c - +0 buckler
rNeg    . . .      Spirit   +   b - +0 scale mail
rPois   .          Reflect  .   (no helmet)
rElec   .          Harm     .   (no cloak)
rCorr   .          Rampage  .   (no gloves)
Will    .....                   (no boots)
Stlth   ..........              (no amulet)
HPRegen 0.06/turn               (no ring)
MPRegen 0.09/turn               (no ring)

@: no status effects
A: fangs 2, magic shield, antimagic bite, no potion heal 2
a: no special abilities


You were on level 1 of the Dungeon.
You visited 1 branch of the dungeon, and saw 2 of its levels.

You collected 19 gold pieces.

Inventory:

Hand Weapons
 a - a +0 trident (weapon)
Armour
 b - a +0 scale mail (worn)
 c - a +0 buckler (worn)
Scrolls
 e - a scroll of identify {unknown}
 f - a scroll of magic mapping {unknown}
 g - a scroll of teleportation {unknown}
Potions
 d - a potion of might


   Skills:
 + Level 2.9 Fighting
 + Level 2.5 Polearms
 + Level 2.8 Armour
 + Level 2.9 Shields


You had 2 spell levels left.
You didn't know any spells.
Your spell library was empty.

Dungeon Overview and Level Annotations

Branches:
Dungeon (2/15)

Altars:


Innate Abilities, Weirdness & Mutations

You have extremely sharp teeth.
When hurt, damage is shared between your health and your magic reserves.
Your bite disrupts and absorbs the magic of your enemies.
Potions cannot restore your health.


Message History

Magic restored.
Key pressed, stopping explore.
No target in view!
A gnoll comes into view. It is wielding a +0 halberd.
The gnoll shouts!
A gnoll is nearby!
A gnoll is nearby!
The gnoll barely misses you.
A gnoll comes into view. It is wielding a +0 club.
There are monsters nearby!
You reach to attack!
You barely miss the gnoll.
The gnoll shouts!
The gnoll hits you from afar with a +0 halberd.
There are monsters nearby!
You reach to attack!
You hit the gnoll.
The gnoll is lightly wounded.
A gnoll comes into view. It is wielding a +0 club.
The gnoll barely misses you.
A goblin comes into view. It is wielding a +0 dagger of venom.
You reach to attack!
You barely miss the gnoll.
The gnoll is lightly wounded.
The gnoll shouts!
The gnoll barely misses you.
A rat comes into view.
The gnoll barely misses you.
Found a brown potion.
There is a stone staircase leading up here.
The gnoll hits you with a +0 halberd!
You climb upwards.
There is a stone staircase leading down here.
You are too injured to fight recklessly!
You hit the gnoll. You bite the gnoll. You drain its power.
You feel invigorated.
The gnoll is moderately wounded.
The gnoll closely misses you. The gnoll hits you with a +0 halberd.
* * * LOW HITPOINT WARNING * * *
You hit the gnoll but do no damage. Your bite misses the gnoll.
The gnoll is moderately wounded.
The gnoll hits you with a +0 halberd!
You die...

#..#####..##.#
#..#(?)#..##.#
#..#)?(#..##.#
#..#$$(#..##.#
#..#####..##.## ##########
#.............## #........#
#.............(# #.######.#
......#####...####.######.#
###.#.# ##....@g.....##.#
#.....######.#####.###.##.#
#.#....................##.#
#.#..P#≈#P.....P#≈#P......#
..#.P##≈##P...P##≈##P..##.#
#....≈≈≈≈≈..<..≈≈≈≈≈...##.#
##..P##≈##P...P##≈##P..##.#
#....P#≈#P.....P#≈#P..###.##
......................###..#


You could see a gnoll.

Vanquished Creatures
  An adder (D:2)
  A worm (D:2)
  A dart slug (D:2)
  4 bats
  3 endoplasms
  2 giant cockroaches (D:1)
  A hobgoblin (D:1)
  3 jackals (D:1)
  A quokka (D:1)
  4 ball pythons
  A frilled lizard (D:1)
  2 goblins (D:1)
  2 kobolds (D:1)
  2 rats (D:1)
28 creatures vanquished.

Vanquished Creatures (others)
  3 plants (D:1)
  3 withered plants (D:1)
6 creatures vanquished.

Grand Total: 34 creatures vanquished

Notes
Turn   | Place    | Note
-------+----------+-------------------------------------------
     0 | D:1      | MikuNakano the Vine Stalker Fighter began the quest for the
                  | Orb.
     0 | D:1      | Reached XP level 1. HP: 11/11 MP: 2/2
   283 | D:1      | Reached XP level 2. HP: 11/16 MP: 3/3
   859 | D:1      | Found a faded altar of an unknown god.
  1131 | D:2      | Reached XP level 3. HP: 19/19 MP: 4/4
  1285 | D:1      | Slain by a gnoll

Illustrated notes

Levels and vault maps discovered:
D:1:      eino_arrival_water_cross, layout_loops_corners, serial_glass,
          glass_columns_c, glass_columns_b, item_on_display_a,
          due_unseen_surprise, feat_on_display, feat_on_display,
          shapermc_ecumenical_altar_flowoftime
D:2:      layout_rooms, basic_altar, uniq_terence

Skill      XL: |  1  2 |
---------------+-------+-----
Polearms       | 2 |  2.5
Fighting       | |  2.9
Armour         | |  2.8
Shields        | |  2.9

Action                   || total
-------------------------++-------
Melee: Trident           ||    85
       Bite              ||    23
Armor: Scale mail        ||    10
Dodge: Dodged            ||    22
Block: Buckler           ||     3

Table legend: (Time is in decaauts)
 A = Elapsed time spent in this place.
 B = Non-inter-level travel time spent in this place.
 C = Inter-level travel time spent in this place.
 D = Time resting spent in this place.
 E = Time spent auto-exploring this place.
 F = Levels seen in this place.
 G = Mean time per level.
                   A        B        C        D        E       F      G
               +--------+--------+--------+--------+--------+-----+--------+
         Total |   1304 |   1265 |     39 |      0 |   1075 |   2 |  652.0 |
       Dungeon |   1304 |   1265 |     39 |      0 |   1075 |   2 |  652.0 |
               +--------+--------+--------+--------+--------+-----+--------+

Top non-repeatable levels by time:
     D:1: 1145 daAuts
     D:2: 159 daAuts
